 Dungeon Crawl Stone Soup version 0.23.0 (webtiles) character file.

Game seed: 9775259327403336715

140556 Laan the Severer (level 17, -21/142 HPs)
             Began as a Formicid Fighter on Feb 10, 2019.
             Was the Champion of the Shining One.
             Demolished by a shambling mangrove (28 damage)
             ... on level 4 of the Swamp.
             The game lasted 00:46:22 (22481 turns).

Laan the Severer (Formicid Fighter)                Turns: 22481, Time: 00:46:22

Health: -21/142    AC: 23    Str: 26    XL:     17   Next: 91%
Magic:  17/17      EV:  8    Int: 10    God:    the Shining One [******]
Gold:   1381       SH: 23    Dex: 10    Spells: 16/16 levels left

rFire    . . .     SeeInvis +   a - +8 battleaxe (flame)
rCold    . . .     Gourm    .   l - +0 large shield
rNeg     + + +     Faith    .   r - +0 plate armour
rPois    +         Spirit   .   (helmet unavailable)
rElec    .         Reflect  +   L - +0 cloak
rCorr    .         Harm     .   v - +0 pair of gloves
MR       ++...                  O - +2 pair of boots {Fly}
Stlth    ..........             H - +2 amulet of reflection
HPRegen  0.33/turn              B - ring of protection from magic
MPRegen  0.15/turn              o - ring of poison resistance

@: flying, glowing
A: permanent stasis, dig shafts and tunnels, four strong arms, antennae 3
a: Dig, Shaft Self, Divine Shield, Cleansing Flame, Summon Divine Warrior, Brand
Weapon With Holy Wrath, Renounce Religion, Stop Flying


You were on level 4 of the Swamp.
You worshipped the Shining One.
The Shining One was exalted by your worship.
You were not hungry.

You visited 3 branches of the dungeon, and saw 25 of its levels.

You collected 1970 gold pieces.
You spent 589 gold pieces at shops.

Inventory:

Hand Weapons
 a - a +8 battleaxe of flaming (weapon)
 b - a +2 war axe of flaming
Armour
 l - a +0 large shield (worn)
 r - a +0 plate armour (worn)
 v - a +0 pair of gloves (worn)
 L - a +0 cloak (worn)
 O - a +2 pair of boots of flying (worn)
Jewellery
 o - a ring of poison resistance (right hand)
 B - a ring of protection from magic (left hand)
 H - a +2 amulet of reflection (around neck)
Wands
 e - a wand of acid (20)
 g - a wand of flame (31)
 p - a wand of digging (4)
 t - a wand of iceblast (10)
 u - a wand of polymorph (18)
 x - a wand of disintegration (26)
 E - a wand of enslavement (13)
 I - a wand of paralysis (45)
Scrolls
 j - 4 scrolls of enchant armour
 q - 2 scrolls of magic mapping
 s - 2 scrolls of fear
 w - 7 scrolls of remove curse
 y - 11 scrolls of identify
 A - a scroll of amnesia
 J - a scroll of fog {unknown}
Potions
 d - 2 potions of might
 h - 3 potions of agility
 i - 4 potions of lignification
 k - 6 potions of curing
 m - 2 potions of mutation
 n - 2 potions of cancellation
 z - 4 potions of flight
 C - a potion of magic {unknown}
 D - a potion of experience {unknown}
 G - a potion of ambrosia {unknown}
 K - 3 potions of brilliance {unknown}
 M - a potion of resistance {unknown}
Comestibles
 c - 4 chunks of flesh
 f - 54 rations


   Skills:
 + Level 15.0 Fighting
 * Level 18.5 Axes
 + Level 15.0 Armour
 + Level 16.1 Shields


You had 16 spell levels left.
You didn't know any spells.
Your spell library contained the following spells:

 Spells                   Type           Power        Failure   Level  Hunger
 Beastly Appendage        Tmut           #.....       95%         1    ##.....
 Corona                   Hex            #......      95%         1    ##.....
 Flame Tongue             Conj/Fire      #....        95%         1    ##.....
 Summon Small Mammal      Summ           #...         95%         1    ##.....
 Call Imp                 Summ           #.......     98%         2    ###....
 Shroud of Golubria       Chrm/Tloc      #.........   98%         2    ###....
 Slow                     Hex            #.......     98%         2    ###....
 Sticks to Snakes         Tmut           #.......     98%         2    ###....
 Throw Flame              Conj/Fire      #.....       98%         2    ###....
 Call Canine Familiar     Summ           #.......     100%        3    ####...
 Conjure Flame            Conj/Fire      #.......     100%        3    ####...
 Gell's Gravitas          Tloc           #.........   100%        3    ####...
 Inner Flame              Hex/Fire       #.......     100%        3    ####...
 Lesser Beckoning         Tloc           #.........   100%        3    ####...
 Portal Projectile        Hex/Tloc       #.....       100%        3    ####...
 Spider Form              Tmut/Pois      #.........   100%        3    ####...
 Summon Guardian Golem    Hex/Summ       #.......     100%        3    ####...
 Teleport Other           Tloc           #.......     100%        3    ####...
 Cause Fear               Hex            #.........   100%        4    #####..
 Ice Form                 Ice/Tmut       #.......     100%        4    #####..
 Leda's Liquefaction      Hex/Erth       #.........   100%        4    #####..
 Passage of Golubria      Tloc           N/A          100%        4    #####..
 Sticky Flame             Conj/Fire      #.......     100%        4    #####..
 Summon Ice Beast         Ice/Summ       #.......     100%        4    #####..
 Summon Lightning Spire   Summ/Air       #.......     100%        4    #####..
 Blade Hands              Tmut           #.........   100%        5    ######.
 Fireball                 Conj/Fire      #.........   100%        5    ######.
 Blink                    Tloc           Unusable     N/A         2    N/A

Dungeon Overview and Level Annotations

Branches:
Dungeon (15/15)            Temple (0/1) D:6            Lair (6/6) D:10
  Swamp (4/4) Lair:3        Snake (0/4) Lair:4        Slime (0/5) Lair:6
    Orc (0/2) D:9          Vaults (0/5) D:14         Depths (0/5) D:15

Altars:
Ashenzari
Dithmenos
Hepliaklqana
Kikubaaqudgha
Makhleb
Ru
Sif Muna
Trog
Vehumet
Xom
The Shining One

Shops:
D:5 (:!   D:6 ?   D:12 *   D:14 [

Annotations:
Lair:3 exclusion: oklob plant


Innate Abilities, Weirdness & Mutations

You cannot be hasted, slowed, berserked, paralysed or teleported.
You can dig through walls and to a lower floor.
Your four strong arms can wield two-handed weapons with a shield.
You have a pair of large antennae on your head. (SInv)


Message History

You escape the roots' grasp.
A swamp drake comes into view.
The swamp drake roars!
You block the shambling mangrove's attack.
You block the lindwurm's attack. The lindwurm claws you.
* * * LOW HITPOINT WARNING * * *
You block the lindwurm's attack.
The swamp drake moves out of view.
Things that are here:
a swamp dragon corpse x2
You feel better.
The tyrant leech looks more healthy.
You block the shambling mangrove's attack.
You block the lindwurm's attack. The lindwurm barely misses you.
You block the lindwurm's attack. The tyrant leech bites you!
* * * LOW HITPOINT WARNING * * *
You feel better.
The lindwurm bites you but does no damage.
The lindwurm claws you.
* * * LOW HITPOINT WARNING * * *
You block the lindwurm's attack. The shambling mangrove hits you!!
You die...

♣≈≈≈..≈≈.≈♣♣♣♣♣..≈≈.
♣♣≈≈♣.≈≈≈≈≈.≈≈≈♣...
♣§≈≈.≈≈≈≈≈≈≈≈≈≈♣ ≈
≈.≈≈≈.≈≈≈≈.≈≈≈≈♣♣ ≈≈
♣≈≈.≈≈..≈§≈≈≈≈♣♣ ..≈
♣..♣≈..≈♣[≈.≈≈♣♣♣
{..≈
♣♣♣♣♣...≈≈≈.≈...♣♣
.≈♣
♣≈.≈≈≈≈.♣.†.†♣≈.♣
...≈....≈♣!.w@f.#
.)......≈♣♣.≈k†♣#
.≈≈≈≈≈≈.♣♣♣≈.... {
≈≈≈≈≈≈♣ ♣.♣..## ...≈
♣≈.≈≈# ♣♣♣♣.≈ .≈.
≈..≈


You could see a shambling mangrove, a tyrant leech and a lindwurm.

Vanquished Creatures
  A sphinx (D:13)
  Frances (D:14)
  4 thorn hunters
  Kirke (Lair:6)
  A storm dragon (D:13)
  Roxanne (Swamp:3)
  A fire giant (D:15)
  A frost giant (D:13)
  2 vampire knights (D:14)
  An ettin (D:13)
  Snorg (Lair:6)
  2 ghost crabs
  17 hydras
  Erica (D:9)
  2 shambling mangroves
  An anaconda (shapeshifter) (D:13)
  5 centaur warriors
  6 two-headed ogres
  2 death knights
  6 death yaks (Lair:6)
  11 alligators
  A deep troll earth mage (D:13)
  2 tengu warriors
  Sonja (Lair:1)
  A skeletal warrior (D:13)
  A fire crab (D:13)
  The ghost of Revguard the Blocker, a novice FoFi (D:8)
  A flayed ghost (D:13)
  2 spriggan druids (Swamp:3)
  5 swamp dragons
  5 unseen horrors
  A phantasmal warrior (D:14)
  4 wizards
  2 deep elf magi (D:13)
  2 lindwurms
  An orc knight (D:15)
  A necromancer (D:13)
  6 ugly things
  2 wolf spider zombies (D:15)
  An orb spider (shapeshifter) (D:15)
  4 cyclopes
  3 manticores
  Maurice (D:13)
  Joseph (D:7)
  13 elephants
  8 black mambas
  A torpor snail (Lair:3)
  16 spiny frogs
  5 centaur skeletons
  2 rime drakes (Lair:2)
  3 kobold demonologists
  An efreet (D:13)
  9 komodo dragons
  2 freezing wraiths (D:13)
  A tengu conjurer (D:15)
  8 tyrant leeches
  5 trolls
  9 polar bears (Lair:6)
  6 bog bodies
  10 hornets
  Prince Ribbit (D:6)
  Grinder (D:3)
  20 slime creatures
  9 blink frogs
  3 raiju (Lair:6)
  2 dream sheep (Lair:6)
  7 hippogriffs
  2 vampires
  Sigmund (D:3)
  2 shadows
  A wraith (D:13)
  A wyvern (Lair:6)
  3 spriggans
  A basilisk (shapeshifter) (D:15)
  3 hungry ghosts
  6 basilisks
  36 yaks
  2 steam dragons
  4 hogs (Lair:6)
  Menkaure (D:6)
  3 two-headed ogre zombies (D:9)
  14 vampire mosquitoes
  4 wargs (Lair:6)
  5 insubstantial wisps (Swamp:4)
  17 swamp worms
  An acid dragon (D:12)
  9 porcupines
  11 water moccasins
  14 hell hounds (Lair:6)
  11 black bears (Lair:6)
  9 orc warriors
  10 swamp drakes
  A hornet zombie (D:13)
  3 sky beasts
  22 wolves
  3 ice beasts
  2 eyes of draining
  7 ogres
  9 centaurs
  11 crocodiles
  13 big kobolds
  15 bullfrogs
  A gnoll sergeant (D:7)
  2 wyvern skeletons
  2 scorpions
  3 troll zombies (D:9)
  17 wights
  2 electric eels
  6 killer bees (D:13)
  5 howler monkeys
  7 crimson imps
  3 centaur zombies
  A quasit (D:12)
  5 orc priests
  6 jellies
  2 bullfrog skeletons
  2 hounds
  Natasha (twice) (D:3)
  4 iguanas
  15 worker ants
  12 orc wizards
  2 ogre zombies (D:9)
  A hound zombie (D:6)
  A hound skeleton (D:6)
  Robin (D:2)
  11 gnolls
  8 adders
  2 river rats (Lair:1)
  5 shadow imps
  A white imp (D:5)
  5 oozes
  An adder skeleton (D:4)
  3 worms
  A dart slug (D:1)
  4 leopard geckos
  50 orcs
  6 bats
  5 giant cockroaches (D:1)
  11 hobgoblins
  4 jackals
  17 kobolds
  5 quokkas
  5 ball pythons
  12 frilled lizards
  16 goblins
  2 goblin zombies (D:9)
  A hobgoblin skeleton (D:9)
  5 hobgoblin zombies (D:9)
  A leopard gecko skeleton (D:8)
  4 orc skeletons (D:9)
  13 orc zombies (D:9)
  6 rats
  7 briar patches
  3 fungi (Lair:6)
  10 plants
842 creatures vanquished.

Vanquished Creatures (others)
  A hydra (Lair:6)
  A tyrant leech (Swamp:2)
  3 briar patches
  20 fungi
  16 plants
41 creatures vanquished.

Grand Total: 883 creatures vanquished

Notes
Turn   | Place    | Note
-------+----------+-------------------------------------------
     0 | D:1      | Laan the Formicid Fighter began the quest for the Orb.
     0 | D:1      | Reached XP level 1. HP: 18/18 MP: 1/1
    55 | D:1      | Reached XP level 2. HP: 16/24 MP: 2/2
   319 | D:1      | Reached XP level 3. HP: 29/29 MP: 3/3
   723 | D:2      | Reached skill level 3 in Axes
   857 | D:2      | Reached XP level 4. HP: 37/37 MP: 4/4
  1212 | D:2      | Found a sacrificial altar of Ru.
  1213 | D:2      | Noticed Robin
  1239 | D:2      | Killed Robin
  1239 | D:2      | Reached XP level 5. HP: 20/42 MP: 5/5
  1305 | D:2      | Found a glowing golden altar of the Shining One.
  1330 | D:2      | Became a worshipper of the Shining One
  1551 | D:3      | Noticed Grinder
  1564 | D:3      | The Shining One protects you from harm!
  1565 | D:3      | Killed Grinder
  1565 | D:3      | Reached skill level 4 in Axes
  1565 | D:3      | Reached XP level 6. HP: 6/49 MP: 6/6
  1824 | D:3      | Noticed Sigmund
  1836 | D:3      | Killed Sigmund
  1836 | D:3      | Reached skill level 5 in Shields
  1836 | D:3      | Reached XP level 7. HP: 36/55 MP: 7/7
  1847 | D:3      | Noticed Natasha
  1854 | D:3      | Killed Natasha
  1854 | D:3      | Reached skill level 5 in Axes
  2182 | D:3      | Found a shadowy altar of Dithmenos.
  2357 | D:3      | Noticed Natasha
  2364 | D:3      | Killed Natasha
  2447 | D:4      | Found an ancient bone altar of Kikubaaqudgha.
  2539 | D:4      | Found a hazy altar of Hepliaklqana.
  2739 | D:4      | Found a deep blue altar of Sif Muna.
  3113 | D:5      | Entered Level 5 of the Dungeon
  3113 | D:5      | Found Biozakuo's Distillery.
  3120 | D:5      | Bought a potion of heal wounds for 65 gold pieces
  3120 | D:5      | Bought a potion of degeneration for 13 gold pieces
  3132 | D:5      | Reached skill level 5 in Armour
  3147 | D:5      | Found Kestuv's Book Boutique.
  3300 | D:5      | Found Harchyevo's Weapon Shop.
  3308 | D:5      | Reached skill level 5 in Fighting
  3455 | D:5      | Found a shattered altar of Ashenzari.
  3555 | D:5      | Reached * piety under the Shining One
  3731 | D:6      | Reached XP level 8. HP: 62/62 MP: 8/8
  3743 | D:6      | Noticed Menkaure
  3750 | D:6      | Killed Menkaure
  3915 | D:6      | Reached skill level 6 in Axes
  4128 | D:6      | Found Doisopra's Magic Scroll Emporium.
  4129 | D:6      | Noticed Prince Ribbit
  4143 | D:6      | Killed Prince Ribbit
  4143 | D:6      | Reached skill level 7 in Axes
  4143 | D:6      | Reached XP level 9. HP: 21/69 MP: 9/9
  4508 | D:6      | Found a staircase to the Ecumenical Temple.
  4553 | D:6      | Reached ** piety under the Shining One
  5120 | D:7      | Noticed Joseph
  5129 | D:7      | Killed Joseph
  5129 | D:7      | Reached skill level 8 in Axes
  5422 | D:7      | Found a bloodstained altar of Trog.
  5657 | D:7      | Found a radiant altar of Vehumet.
  5902 | D:8      | Reached XP level 10. HP: 64/79 MP: 10/10
  5914 | D:8      | Found a shimmering altar of Xom.
  5982 | D:8      | Found a runed translucent gate.
  5982 | D:8      | Found a runed translucent gate.
  5982 | D:8      | Found a runed translucent gate.
  5985 | D:8      | Noticed a kobold demonologist
  5985 | D:8      | Noticed Revguard's ghost (novice FoFi)
  5985 | D:8      | Identified the +5 whip of Dullness {venom, rF++ Str-2
                  | Int+4}
  5994 | D:8      | Noticed an orange demon
  6000 | D:8      | Killed a kobold demonologist
  6005 | D:8      | Killed Revguard's ghost
  6005 | D:8      | Reached skill level 9 in Axes
  6872 | D:9      | Noticed Erica
  6882 | D:9      | Killed Erica
  6882 | D:9      | Reached skill level 10 in Axes
  6989 | D:9      | Reached XP level 11. HP: 70/87 MP: 11/11
  6990 | D:9      | Reached *** piety under the Shining One
  7006 | D:9      | Found a staircase to the Orcish Mines.
  7016 | D:9      | Reached **** piety under the Shining One
  7039 | D:9      | Reached ***** piety under the Shining One
  7377 | D:10     | Entered Level 10 of the Dungeon
  7581 | D:10     | Found a staircase to the Lair.
  7747 | D:10     | Reached skill level 11 in Axes
  7795 | Lair:1   | Entered Level 1 of the Lair of Beasts
  8208 | Lair:1   | Reached skill level 10 in Shields
  8732 | Lair:1   | Noticed Sonja
  8750 | Lair:1   | Killed Sonja
  9110 | Lair:1   | Reached XP level 12. HP: 61/96 MP: 12/12
  9919 | Lair:2   | Found an ancient bone altar of Kikubaaqudgha.
 10152 | Lair:2   | Found a frozen archway.
 10157 | Lair:2   | Reached skill level 12 in Axes
 10795 | Lair:3   | Reached skill level 10 in Armour
 10798 | Lair:3   | Reached skill level 10 in Fighting
 11017 | Lair:3   | Noticed a six-headed hydra
 11027 | Lair:3   | Killed a one-headed hydra
 11252 | Lair:3   | Found a staircase to the Swamp.
 11714 | Lair:3   | Reached XP level 13. HP: 62/104 MP: 13/13
 11926 | Lair:4   | Reached skill level 13 in Axes
 12012 | Lair:4   | Found a staircase to the Snake Pit.
 13415 | Lair:6   | Entered Level 6 of the Lair of Beasts
 13427 | Lair:6   | Killed a six-headed hydra
 13438 | Lair:6   | Noticed Kirke
 13452 | Lair:6   | Killed Kirke
 13563 | Lair:6   | Found a staircase to the Slime Pits.
 13604 | Lair:6   | Reached skill level 14 in Axes
 13662 | Lair:6   | Noticed a six-headed hydra
 13672 | Lair:6   | Killed a one-headed hydra
 13706 | Lair:6   | Noticed a six-headed hydra
 13716 | Lair:6   | Killed a three-headed hydra
 13716 | Lair:6   | Reached XP level 14. HP: 89/114 MP: 14/14
 14076 | Lair:6   | Reached ****** piety under the Shining One
 14714 | Lair:6   | Noticed Snorg
 14722 | Lair:6   | Killed Snorg
 14907 | Lair:6   | Reached skill level 15 in Axes
 16197 | D:12     | Reached XP level 15. HP: 115/122 MP: 15/15
 16567 | D:12     | Found Ibeumnu's General Store.
 17091 | D:13     | Noticed Maurice
 17097 | D:13     | Killed Maurice
 17100 | D:13     | Reached skill level 16 in Axes
 17814 | D:13     | Noticed a storm dragon
 17841 | D:13     | Killed a storm dragon
 17907 | D:13     | Identified the +2 great sword of Peace {flame, +Rage Str+6}
 17910 | D:13     | Noticed a sphinx
 17925 | D:13     | Killed a sphinx
 17933 | D:13     | Noticed a frost giant
 17951 | D:13     | Killed a frost giant
 18332 | D:13     | Reached XP level 16. HP: 131/131 MP: 16/16
 18442 | D:14     | Noticed Frances
 18453 | D:14     | Killed Frances
 18531 | D:14     | Found Umnumom's Antique Armour Boutique.
 18533 | D:14     | Bought a faintly humming scale mail for 279 gold pieces
 18533 | D:14     | Bought a pair of runed boots for 232 gold pieces
 18533 | D:14     | Identified the +1 scale mail of the Moon {rF+ MR+} (You
                  | bought it in a shop on level 14 of the Dungeon)
 18631 | D:14     | Found a gate to the Vaults.
 18793 | D:14     | Found the +12 Vampire's Tooth {vamp}
 19065 | D:15     | Entered Level 15 of the Dungeon
 19077 | D:15     | Found a staircase to the Depths.
 19077 | D:15     | Noticed a fire giant
 19087 | D:15     | Killed a fire giant
 19087 | D:15     | Reached skill level 17 in Axes
 19294 | D:15     | Found a burning altar of Makhleb.
 19350 | D:15     | Reached skill level 15 in Shields
 19580 | D:15     | Found a bloodstained altar of Trog.
 20193 | Swamp:1  | Entered Level 1 of the Swamp
 20425 | Swamp:1  | Found a deep blue altar of Sif Muna.
 20762 | Swamp:2  | Reached XP level 17. HP: 104/139 MP: 17/17
 20782 | Swamp:2  | Noticed a thorn hunter
 20788 | Swamp:2  | Killed a thorn hunter
 21464 | Swamp:3  | Noticed a thorn hunter
 21474 | Swamp:3  | Killed a thorn hunter
 21493 | Swamp:3  | Reached skill level 18 in Axes
 21595 | Swamp:3  | Noticed a thorn hunter
 21605 | Swamp:3  | Killed a thorn hunter
 21734 | Swamp:3  | Noticed Roxanne
 21754 | Swamp:3  | Killed Roxanne
 22351 | Swamp:4  | Entered Level 4 of the Swamp
 22434 | Swamp:4  | Noticed a thorn hunter
 22444 | Swamp:4  | Killed a thorn hunter
 22463 | Swamp:4  | Reached skill level 15 in Fighting
 22473 | Swamp:4  | Reached skill level 15 in Armour
 22480 | Swamp:4  | HP: 1/142 [tyrant leech (16)]
 22481 | Swamp:4  | Demolished by a shambling mangrove

Skill      XL: |  1  2  3  4  5  6  7  8  9 10 11 12 13 14 15 16 17 |
---------------+----------------------------------------------------+-----
Shields        | 4 5 6 7 9 10 11 12 13 14 15 16 | 16.1
Axes           | 3 4 5 7 8 10 11 12 14 15 16 17 18 | 18.5
Armour         | 4 5 6 7 8 9 10 11 12 13 14 15 | 15.0
Fighting       | 4 5 6 7 8 9 10 11 12 13 14 15 | 15.0

Action                   |  1- 3 |  4- 6 |  7- 9 | 10-12 | 13-15 | 16-18 || total
-------------------------+-------+-------+-------+-------+-------+-------++-------
Melee: War axe           |   117 |   118 |    90 |     5 |    15 |     6 ||   351
       Battleaxe         |       |       |   153 |   323 |   724 |   517 ||  1717
Evoke: Wand              |       |       |     1 |     1 |     2 |       ||     4
  Use: Potion            |       |     1 |     1 |     3 |     6 |     3 ||    14
       Scroll            |       |       |     6 |    22 |       |     5 ||    33
  Eat: Chunk             |       |     3 |    23 |    23 |    21 |    11 ||    81
       Ration            |       |       |       |       |     1 |       ||     1
Armor: Scale mail        |    54 |    61 |    80 |    51 |       |       ||   246
       Plate armour      |       |       |       |    35 |   223 |   172 ||   430
Dodge: Dodged            |    45 |    38 |    71 |    77 |    96 |    87 ||   414
Block: Shield            |    60 |    67 |   143 |   149 |       |       ||   419
       Reflection        |       |       |       |     3 |    12 |    23 ||    38
       Large shield      |       |       |       |    90 |   690 |   470 ||  1250
